 Dungeon Crawl Stone Soup version 0.28.0-43-g3370ac3207 (webtiles) character file.

Game seed: 5775973430262975188

102 smarlow the Magician (level 5, -5/35 HPs)
             Began as a Djinni Conjurer on Mar 7, 2022.
             Slain by Grinder (7 damage)
             ... on level 3 of the Dungeon.
             The game lasted 00:03:25 (3042 turns).

smarlow the Magician (Djinni Conjurer)              Turns: 3042, Time: 00:03:25

Health: -5/35      AC:  2    Str:  6    XL:     5   Next: 5%
Gold:   73         EV: 12    Int: 22    God:
                   SH:  0    Dex: 11

rFire   + + .      SeeInvis .   (no weapon)
rCold   x . .      Faith    .   (no shield)
rNeg    . . .      Spirit   .   a - +0 robe
rPois   ∞          Reflect  .   (no helmet)
rElec   .          Harm     .   (no cloak)
rCorr   .          Rampage  .   (no gloves)
Will    .....                   (boots unavailable)
Stlth   ++........              (no amulet)
HPRegen 0.11/turn               (no ring)
MPRegen 0.00/turn               (no ring)

@: flying, very slightly contaminated
A: sickness immunity, fire resistance 2, cold vulnerability 1, float, innate
caster, HP casting, extra vitality 1
a: no special abilities


You were on level 3 of the Dungeon.
You visited 1 branch of the dungeon, and saw 3 of its levels.

You collected 73 gold pieces.

Inventory:

Armour
 a - a +0 robe (worn)
 j - the +2 ring mail of the Sturgeon {Harm rN+ Str+3}
   (You found it on level 3 of the Dungeon)

   Str:       It affects your strength (+3).
   rN:        It protects you from negative energy.
   Harm:      It increases damage dealt and taken.
Jewellery
 c - a ring of ice
Wands
 l - a wand of flame (17)
Scrolls
 b - a scroll of magic mapping {unknown}
 e - a scroll of fear {unknown}
 f - 3 scrolls of identify {unknown}
 g - a scroll of noise {unknown}
 h - a scroll of vulnerability {unknown}
 k - a scroll of brand weapon {unknown}
 m - a scroll of enchant weapon {unknown}


   Skills:
 - Level 2.1 Dodging
 - Level 1.5 Stealth
 + Level 4.7 Spellcasting


You couldn't memorise any spells.
You knew the following spells:

 Your Spells              Type           Power      Damage    Failure   Level
a - Magic Dart            Conj           100%       1d8       1%          1
b - Searing Ray           Conj           52%        2d6       2%          2
c - Dazzling Flash        Conj/Hex       52%        N/A       4%          3
d - Fulminant Prism       Conj/Hex       13%        3d9       14%         4
e - Iskenderun's Mystic   Conj/Tloc      26%        2d7       14%         4
f - Slow                  Hex            100%       N/A       1%          1
g - Ensorcelled Hibernat  Hex/Ice        52%        N/A       2%          2
Your spell library was empty.

Dungeon Overview and Level Annotations

Branches:
Dungeon (3/15)

Altars:

Annotations:
D:3 Grinder


Innate Abilities, Weirdness & Mutations

You are immune to sickness and miasma.
You are immune to poison.
Your flesh is very heat resistant. (rF++)
You are vulnerable to cold. (rC-)
You float through the air rather than walking.
You learn spells naturally, not from books.
Your magical power is your life essence.
You have superior vitality. (+4 MHP)


Message History

Aim: Natasha (severely wounded, 74% to hit)
The searing ray hits Natasha.
You kill Natasha!
Natasha screams in pain as she dies! (Press . to maintain the ray.) Grinder blinks!
You have reached level 5!
The power to cast Ensorcelled Hibernation wells up from within.
Spell assigned to 'g'.
Casting: Searing Ray (safe; 2% risk of failure)
Confirm with . or Enter, or press ? or * to list all spells.
Restarting spell: Searing Ray (safe; 2% risk of failure)
Press: ? - help, Shift-Dir - straight line, f - Grinder
Aim: Grinder (77% to hit)
The searing ray hits Grinder!
Grinder is lightly wounded. (Press . to maintain the ray.) Grinder hits you but does no damage.
The searing ray hits Grinder.
Grinder is moderately wounded.
Grinder misses you.
The searing ray hits Grinder!
Grinder is heavily wounded.
Grinder hits you.
You writhe in agony.
* * * LOW HITPOINT WARNING * * *
The searing ray misses Grinder.
* * * LOW HITPOINT WARNING * * *
You finish channelling your searing ray.
Grinder barely misses you.
Casting: Searing Ray (safe; 2% risk of failure)
Confirm with . or Enter, or press ? or * to list all spells.
Aiming: Searing Ray (safe; 2% risk of failure)
Press: ? - help, Shift-Dir - straight line, f/p - Grinder
Aim: Grinder (heavily wounded, 77% to hit)
The searing ray hits Grinder!
Grinder is severely wounded. (Press . to maintain the ray.)
* * * LOW HITPOINT WARNING * * *
Grinder hits you!
You die...

#.#####.).......#...##
#.[.............###.#
##.####.........>....#
###...####.........###.#
#....).....)......## .#
#.#....###.#####..# .#
#.##.#.# #.# #..# .#
#.##.#.###.# #..#
#.##....@†.# #...
#.##....5..# #.##
#.#......(.....
#.#.##.##.##[..#
#.#.##.# .# ... #.#.##.#
.# .. #.#.##.. .. .
#.#.#####.##
#...........


You could see Grinder.

Vanquished Creatures
  Natasha (D:3)
  3 gnolls (D:2)
  2 dart slugs (D:2)
  A bat (D:3)
  7 endoplasms
  5 giant cockroaches
  3 goblins
  4 hobgoblins
  A quokka (D:2)
  4 ball pythons
  5 frilled lizards
  4 kobolds
  4 rats
44 creatures vanquished.

Vanquished Creatures (others)
  A fulminant prism (D:3)
1 creature vanquished.

Grand Total: 45 creatures vanquished

Notes
Turn   | Place    | Note
-------+----------+-------------------------------------------
     0 | D:1      | smarlow the Djinni Conjurer began the quest for the Orb.
     0 | D:1      | Reached XP level 1. HP: 15/15 MP: 0/0
   499 | D:1      | Reached XP level 2. HP: 20/21 MP: 0/0
  1529 | D:2      | Reached skill level 4 in Spellcasting
  1529 | D:2      | Reached XP level 3. HP: 17/25 MP: 0/0
  1529 | D:2      | Learned a level 1 spell: Slow
  1999 | D:2      | Reached XP level 4. HP: 17/31 MP: 0/0
  2226 | D:2      | Found a faded altar of an unknown god.
  2350 | D:3      | Identified the +2 ring mail of the Sturgeon {Harm rN+
                  | Str+3}
  2489 | D:3      | Noticed Grinder
  3030 | D:3      | Noticed Natasha
  3037 | D:3      | Killed Natasha
  3038 | D:3      | Reached XP level 5. HP: 16/35 MP: 0/0
  3038 | D:3      | Learned a level 2 spell: Ensorcelled Hibernation
  3042 | D:3      | Slain by Grinder

Illustrated notes

Levels and vault maps discovered:
D:1:      psy_arrival_radial01, layout_basic
D:2:      layout_basic, hellmonk_ecumenical_altar_arch_garden
D:3:      layout_loops_ring, uniq_natasha, uniq_grinder

Skill      XL: |  1  2 |
---------------+-------+-----
Spellcasting   | 4 |  4.7
Dodging        | |  2.1
Stealth        | |  1.5

Action                   |  1- 3 |  4- 6 || total
-------------------------+-------+-------++-------
 Cast: Magic Dart        |    60 |    14 ||    74
       Searing Ray       |     2 |     5 ||     7
       Iskenderun's Myst |       |     1 ||     1
       Fulminant Prism   |       |     1 ||     1
  Use: Potion            |       |     2 ||     2
       Scroll            |       |     1 ||     1
Armor: Robe              |       |     1 ||     1
Dodge: Dodged            |     4 |     3 ||     7
